 Dungeon Crawl Stone Soup version 0.27.1-4-g1640c2035a (webtiles) character file.

Game seed: 1473510791284480163

113807 Tirrikindir the Unseen (level 16, 0/129 HPs)
             Began as an Octopode Fighter on Nov 10, 2021.
             Was a High Priest of Okawaru.
             Slain by a basilisk (5 damage)
             ... while petrified by a basilisk
             ... on level 15 of the Dungeon on Nov 12, 2021.
             The game lasted 01:21:53 (27279 turns).

Tirrikindir the Unseen (Octopode Fighter)          Turns: 27279, Time: 01:21:54

Health: 0/129      AC:  1    Str: 25    XL:     16   Next: 64%
Magic:  24/24      EV:  2    Int: 23    God:    Okawaru [*****.]
Gold:   2236       SH:  0    Dex: 18    Spells: 13/21 levels left

rFire    . . .     SeeInvis .   Q - +6 scimitar (flame)
rCold    + . .     Faith    .   b - +3 kite shield
rNeg     + + +     Spirit   .   (helmet restricted)
rPois    ∞         Reflect  +   c - amulet of reflection
rElec    +         Harm     .   j - ring of Atid {Fly Int+7}
rCorr    +         Rampage  .   l - ring of resist corrosion
Will     +....                  o - ring of protection from cold
Stlth    ++++++++..             K - ring of Grontol {rElec rPois Dex-3 Slay+4}
HPRegen  0.31/turn              L - +6 ring of intelligence
MPRegen  0.19/turn              a - +6 ring of strength
                                z - +6 ring of dexterity
                                v - +4 ring of evasion

@: petrified, flying, slowed, studying Short Blades
A: almost no armour, amphibious, 8 rings, camouflage 1, gelatinous body 1,
(nimble swimmer 1), tentacles, fangs 1, robust 1
a: Renounce Religion, Heroism, Finesse


You were on level 15 of the Dungeon.
You worshipped Okawaru.
Okawaru was extremely pleased with you.
You visited 3 branches of the dungeon, and saw 21 of its levels.
You also visited: Sewer, Ossuary, Bailey and Ice Cave.

You collected 2444 gold pieces.
You spent 208 gold pieces at shops.

Inventory:

Hand Weapons
 Q - a +6 scimitar of flaming (weapon)
Missiles
 m - 47 boomerangs (quivered)
Armour
 b - a +3 kite shield (worn)
Jewellery
 a - a +6 ring of strength (on tentacle)
 c - an amulet of reflection (around mantle)
 j - the ring of Atid (left tentacle) {Fly Int+7}
   (You acquired it on level 2 of the Dungeon)

   [ring of flight]

   Int:       It affects your intelligence (+7).
   Fly:       It grants you flight.
 l - a ring of resist corrosion (right tentacle)
 o - a ring of protection from cold (on tentacle)
 v - a +4 ring of evasion (on tentacle)
 z - a +6 ring of dexterity (on tentacle)
 K - the ring of Grontol (on tentacle) {rElec rPois Dex-3 Slay+4}
   (You found it in an ice cave)

   [ring of slaying]

   Dex:       It affects your dexterity (-3).
   Slay:      It affects your accuracy & damage with ranged weapons and melee
   (+4).
   rElec:     It insulates you from electricity.
   rPois:     It protects you from poison.
 L - a +6 ring of intelligence (on tentacle)
Wands
 f - a wand of polymorph (12)
 g - a wand of flame (54)
 n - a wand of mindburst (15)
 y - a wand of charming (4)
 H - a wand of digging (5)
 I - a wand of paralysis (18)
 P - a wand of acid (8)
Scrolls
 p - 3 scrolls of fog
 q - 2 scrolls of identify
 u - a scroll of amnesia
 A - a scroll of enchant armour
 E - 4 scrolls of fear
 J - 2 scrolls of magic mapping
 R - 2 scrolls of immolation
Potions
 d - 2 potions of resistance
 e - 2 potions of invisibility
 h - 7 potions of haste
 i - 2 potions of berserk rage
 k - 2 potions of cancellation
 r - 8 potions of brilliance
 s - 3 potions of heal wounds
 t - a potion of ambrosia
 w - 5 potions of magic
 C - 5 potions of curing
 T - a potion of might
Miscellaneous
 x - a lightning rod (4/4)
 O - a phantom mirror


   Skills:
 * Level 13.7 Fighting
 + Level 12.9 Long Blades
 + Level 11.1 Dodging
 - Level 18.0 Stealth
 + Level 11.2 Shields
 + Level 3.1 Spellcasting
 + Level 3.6 Summonings
 + Level 3.5 Air Magic
 + Level 11.4 Invocations
 - Level 5.1 Evocations


You had 13 spell levels left.
You knew the following spells:

 Your Spells              Type           Power      Damage    Failure   Level
a - Airstrike             Air            9%         N/A       41%         4
b - Summon Lightning Spi  Summ/Air       20%        N/A       38%         4

Your spell library contained the following spells:

 Spells                   Type           Power      Damage    Failure   Level
 Summon Small Mammal      Summ           80%        N/A       4%          1
 Call Imp                 Summ           20%        N/A       6%          2
 Animate Skeleton         Necr           6%         N/A       19%         1
 Apportation              Tloc           6%         N/A       19%         1
 Beastly Appendage        Tmut           6%         N/A       19%         1
 Corona                   Hex            3%         N/A       19%         1
 Magic Dart               Conj           12%        1d3       19%         1
 Blink                    Tloc           N/A        N/A       28%         2
 Slow                     Hex            3%         N/A       28%         2
 Sublimation of Blood     Necr           1%         N/A       28%         2
 Wereblood                Tmut           3%         N/A       28%         2
 Mephitic Cloud           Conj/Pois/Air  9%         N/A       34%         3
 Confusing Touch          Hex            3%         N/A       50%         3
 Ignite Poison            Fire/Tmut/Pois 3%         N/A       50%         3
 Lesser Beckoning         Tloc           1%         N/A       50%         3
 Spider Form              Tmut/Pois      1%         N/A       50%         3
 Vampiric Draining        Necr           1%         2d6       50%         3
 Summon Ice Beast         Ice/Summ       11%        N/A       65%         4
 Petrify                  Tmut/Erth      3%         N/A       88%         4
 Lightning Bolt           Conj/Air       5%         1d17      94%         5
 Bolt of Magma            Conj/Fire/Erth 1%         4d4       99%         5
 Irradiate                Conj/Tmut      1%         3d13      99%         5
 Manifold Assault         Tloc           3%         N/A       99%         5
 Dispersal                Tloc           1%         N/A       100%        6
 Eringya's Noxious Bog    Tmut/Pois      1%         N/A       100%        6
 Statue Form              Tmut/Erth      2%         N/A       100%        6
 Malign Gateway           Summ/Tloc      5%         N/A       100%        7
 Borgnjor's Revivificati  Necr           1%         N/A       100%        8
 Disjunction              Tloc           1%         N/A       100%        8
 Necromutation            Tmut/Necr      1%         N/A       100%        8
 Summon Horrible Things   Summ           10%        N/A       100%        8
 Chain Lightning          Conj/Air       5%         3d7       100%        9
 Death's Door             Necr           1%         N/A       100%        9
 Fire Storm               Conj/Fire      1%         8d1       100%        9


Dungeon Overview and Level Annotations

Branches:
Dungeon (15/15)            Temple (1/1) D:7            Lair (5/6) D:11
  Swamp (0/4) Lair:2       Spider (0/4) Lair:3          Orc (0/2) D:10
 Vaults (0/5) D:13         Depths (0/5) D:15          Sewer (visited)
Ossuary (visited)          Bailey (visited)           IceCv (visited)
  Slime: Lair:5-6

Altars:
Ashenzari
Cheibriados
Dithmenos
Elyvilon
Fedhas
Gozag
Hepliaklqana
Kikubaaqudgha
Makhleb
Nemelex Xobeh
Okawaru
Qazlal
Ru
Sif Muna
Trog
Uskayaw
Vehumet
Wu Jian
Xom
Yredelemnul
Zin
The Shining One
Jiyva

Shops:
D:7 [   D:11 :   D:13 [!

Annotations:
D:15 Jorgrun
Lair:1 exclusion: 2 oklob plants


Innate Abilities, Weirdness & Mutations

You cannot wear most types of armour.
You are amphibious.
You can wear up to eight rings at the same time.
Your skin changes colour to match your surroundings (Stealth+).
Your rubbery body absorbs attacks. (AC +1, EV +1)
((You are camouflaged near water. (Stealth+)))
You have tentacles for arms and can constrict up to eight enemies at once.
You have very sharp teeth.
You are robust. (+10% HP)


Message History

You have turned to stone.
The basilisk bites you. The freezing wraith hits you!
The freezing wraith freezes you! You resist. The freezing wraith hits you!
The freezing wraith drains your vigour!
You feel as though you will be slow longer.
The basilisk gazes at you. The freezing wraith hits you.
The freezing wraith freezes you! You resist. The freezing wraith hits you!
The freezing wraith drains your vigour!
You feel as though you will be slow longer.
The basilisk bites you!
The freezing wraith completely misses you.
The freezing wraith hits you. The freezing wraith drains your vigour!
You feel as though you will be slow longer.
The basilisk gazes at you. The freezing wraith hits you!
The freezing wraith freezes you! You resist. The freezing wraith hits you!
The basilisk gazes at you.
You easily resist.
The freezing wraith hits you! The freezing wraith freezes you. You resist.
The freezing wraith hits you but does no damage.
The basilisk bites you!
* * * LOW HITPOINT WARNING * * *
The freezing wraith hits you!
* * * LOW HITPOINT WARNING * * *
The freezing wraith freezes you! You resist.
* * * LOW HITPOINT WARNING * * *
The freezing wraith hits you!
* * * LOW HITPOINT WARNING * * *
The freezing wraith drains your vigour!
You feel as though you will be slow longer.
The basilisk bites you.
* * * LOW HITPOINT WARNING * * *
The freezing wraith hits you!
* * * LOW HITPOINT WARNING * * *
The freezing wraith freezes you! You resist.
* * * LOW HITPOINT WARNING * * *
The freezing wraith hits you.
* * * LOW HITPOINT WARNING * * *
The basilisk bites you!
You die...

#.....# #####.###...#
##.....############.###.#.#######
.................................
.................................
.................................
.................................
/.....................)........[.
....<...........W.......)........
....D.....!....l@................
.................................
..)#)♣.♣.#.......................
##[.g......######################
#.♣l♣W♣.♣.# #...._....#
#.♣.♣.♣.♣.# #.........#
#.#.♣.♣.#.#


You could see a freezing wraith and a basilisk.

Vanquished Creatures
  Rupert (D:13)
  An orc warlord (Bailey)
  An ironbound preserver (D:13)
  A stone giant (D:15)
  Azrael (D:14)
  An ice dragon (IceCv)
  4 boulder beetles
  10 hydras
  A centaur warrior (D:13)
  An ogre mage (D:15)
  2 death knights
  3 death yaks (Lair:5)
  5 two-headed ogres
  2 skeletal warriors
  2 phantasmal warriors (D:13)
  An orange crystal statue (D:9)
  A wizard (D:14)
  Pikel (D:7)
  3 manticores (D:13)
  10 ugly things
  4 cyclopes
  6 elephants (Lair:5)
  Joseph (D:7)
  2 ice statues (IceCv)
  10 black mambas
  3 gargoyles
  10 cane toads
  2 torpor snails
  Maggie (D:7)
  2 efreet
  3 unseen horrors
  Psyche (D:8)
  6 rime drakes
  9 komodo dragons
  2 freezing wraiths (D:15)
  4 trolls
  A tyrant leech (Lair:2)
  A polar bear (Lair:3)
  A wolf spider simulacrum (D:13)
  22 blink frogs
  7 slime creatures
  5 dream sheep (Lair:5)
  A shadow (D:12)
  A tarantella (shapeshifter) (D:15)
  A vampire (D:10)
  3 redbacks (Lair:3)
  5 wraiths
  47 yaks
  4 wyverns
  Eustachio (D:4)
  6 basilisks
  3 fire elementals (D:14)
  12 vampire mosquitoes
  Menkaure (D:4)
  3 steam dragons
  A swamp worm (Lair:2)
  2 acid dragons
  2 hell hounds (D:14)
  14 water moccasins
  2 sky beasts
  6 orc warriors
  5 black bears
  An ice beast (D:7)
  5 ogres
  2 necrophages
  13 wolves
  8 centaurs
  3 phantoms
  3 kobold brigands
  15 bullfrogs
  A gnoll sergeant (D:9)
  2 scorpions
  A water moccasin zombie (D:5)
  A wyvern zombie (D:9)
  13 killer bees
  A lindwurm simulacrum (IceCv)
  11 electric eels
  15 wights
  2 howler monkeys (D:9)
  6 komodo dragon simulacra (IceCv)
  A bullfrog zombie (D:6)
  A centaur zombie (D:5)
  A centaur skeleton (D:6)
  4 hounds
  A jelly (D:5)
  5 orc priests
  3 bullfrog skeletons
  3 gnoll shamans
  4 iguanas
  3 orc wizards
  A spriggan simulacrum (D:11)
  2 troll simulacra (D:11)
  A killer bee zombie (D:7)
  3 hound skeletons
  A mummy (Ossuary)
  A howler monkey zombie (D:8)
  6 acid dragon simulacra (IceCv)
  25 gnolls
  8 adders
  A howler monkey skeleton (D:4)
  9 river rats
  A shadow imp (D:5)
  An ufetubus (D:4)
  8 steam dragon simulacra (IceCv)
  An adder skeleton (D:4)
  5 worms
  A dart slug (D:1)
  21 orcs
  5 spectral bats (Ossuary)
  9 endoplasms
  4 giant cockroaches
  10 goblins
  5 hobgoblins
  8 jackals (D:1)
  5 quokkas
  12 ball pythons
  3 bats
  3 bat simulacra (Ossuary)
  8 frilled lizards
  12 gnoll zombies (Ossuary)
  3 goblin simulacra (Ossuary)
  A goblin zombie (Ossuary)
  9 hobgoblin zombies (Ossuary)
  38 kobolds
  3 kobold simulacra (Ossuary)
  2 kobold zombies (Ossuary)
  6 orc zombies (Ossuary)
  24 rats
  3 rat simulacra (Ossuary)
  4 spectral goblins (Ossuary)
  A spectral kobold (Ossuary)
  4 spectral rats (Ossuary)
682 creatures vanquished.

Vanquished Creatures (others)
  A slime creature (D:13)
  A killer bee (D:8)
  91 fungi
  143 plants
236 creatures vanquished.

Grand Total: 918 creatures vanquished

Notes
Turn   | Place    | Note
-------+----------+-------------------------------------------
     0 | D:1      | Tirrikindir the Octopode Fighter began the quest for the
                  | Orb.
     0 | D:1      | Reached XP level 1. HP: 16/16 MP: 1/1
   347 | D:1      | You fall into a shaft and drop 1 floor!
   425 | D:2      | Reached skill level 1 in Stealth
   425 | D:2      | Reached XP level 2. HP: 20/21 MP: 2/2
   427 | D:2      | Reached XP level 3. HP: 25/26 MP: 3/3
   786 | D:1      | Reached XP level 4. HP: 31/31 MP: 4/4
   797 | D:1      | Reached skill level 2 in Stealth
   845 | D:1      | Found a faded altar of an unknown god.
   891 | D:1      | Became a worshipper of Warmaster Okawaru
   891 | D:1      | Reached * piety under Okawaru
  1214 | D:1      | Identified a scroll of acquirement
  1214 | D:1      | Acquired a manual of Stealth
  1899 | D:2      | Acquired the ring of Atid {Fly Int+7}
  2191 | D:2      | Reached XP level 5. HP: 36/36 MP: 5/5
  2526 | D:3      | Reached skill level 3 in Stealth
  2623 | D:3      | Found a snail-covered altar of Cheibriados.
  2636 | D:3      | Reached skill level 1 in Evocations
  3077 | D:4      | Noticed an ogre
  3086 | D:4      | Killed an ogre
  3087 | D:4      | Reached skill level 4 in Stealth
  3087 | D:4      | Reached skill level 1 in Invocations
  3087 | D:4      | Reached XP level 6. HP: 6/43 MP: 5/7
  3109 | D:4      | Identified the +11 quarterstaff of the Crawling Thing
                  | {freeze, Str+3 Int-2}
  3287 | D:4      | Got the Disquisition on the Entourage and Earth
  3297 | D:4      | Noticed Menkaure
  3302 | D:4      | Killed Menkaure
  3347 | D:4      | Found a sand-covered staircase.
  3353 | Ossuary  | Entered an ossuary
  3566 | Ossuary  | Reached ** piety under Okawaru
  3587 | Ossuary  | Reached XP level 7. HP: 41/48 MP: 8/8
  3708 | Ossuary  | Reached skill level 5 in Stealth
  3915 | D:4      | Noticed Eustachio
  3936 | D:4      | Killed Eustachio
  4004 | D:4      | Reached skill level 6 in Stealth
  4581 | D:5      | Entered Level 5 of the Dungeon
  4644 | D:5      | Reached skill level 5 in Long Blades
  4644 | D:5      | Reached skill level 7 in Stealth
  4644 | D:5      | Reached XP level 8. HP: 29/54 MP: 8/10
  4779 | D:5      | Reached skill level 8 in Stealth
  4785 | D:5      | Reached *** piety under Okawaru
  4821 | D:5      | Found a glowing drain.
  4825 | Sewer    | Entered a sewer
  5371 | D:5      | Reached skill level 9 in Stealth
  5539 | D:5      | Found a burning altar of Makhleb.
  5541 | D:5      | Found a stormy altar of Qazlal.
  5633 | D:5      | Found a hide-covered altar of Uskayaw.
  5732 | D:5      | Reached skill level 10 in Stealth
  5732 | D:5      | Reached XP level 9. HP: 50/58 MP: 12/12
  6496 | D:5      | Reached **** piety under Okawaru
  6667 | D:6      | Found a glowing golden altar of the Shining One.
  6685 | D:6      | Reached skill level 11 in Stealth
  7568 | D:7      | Found a flagged portal.
  7594 | Bailey   | Entered a bailey
  7629 | Bailey   | Noticed an orc warlord
  7652 | Bailey   | Reached skill level 10 in Long Blades
  7652 | Bailey   | Reached skill level 5 in Invocations
  7652 | Bailey   | Reached XP level 10. HP: 69/69 MP: 11/14
  7672 | Bailey   | Reached skill level 12 in Stealth
  7672 | Bailey   | Reached XP level 11. HP: 66/77 MP: 15/15
  7717 | Bailey   | Found a runed translucent gate.
  7719 | Bailey   | Found a runed translucent gate.
  7721 | Bailey   | Found a runed translucent gate.
  7888 | Bailey   | Killed an orc warlord
  7888 | Bailey   | Reached ***** piety under Okawaru
  7914 | Bailey   | Reached skill level 13 in Stealth
  7914 | Bailey   | Reached skill level 5 in Evocations
  7914 | Bailey   | Reached XP level 12. HP: 59/84 MP: 15/17
  7915 | Bailey   | Reached XP level 13. HP: 64/90 MP: 15/18
  7959 | D:7      | Found Zuacusia's Armour Emporium.
  8268 | D:7      | Found a sparkling altar of Nemelex Xobeh.
  8312 | D:7      | Reached skill level 14 in Stealth
  8322 | D:7      | Reached XP level 14. HP: 55/97 MP: 19/19
  8504 | D:7      | Noticed Joseph
  8518 | D:7      | Killed Joseph
  8537 | D:7      | Found a staircase to the Ecumenical Temple.
  8537 | D:7      | Noticed Pikel
  8548 | D:7      | Killed Pikel
  8562 | Temple   | Entered the Ecumenical Temple
  8645 | D:7      | Found a radiant altar of Vehumet.
  8645 | D:7      | Found an ancient bone altar of Kikubaaqudgha.
  8647 | D:7      | Found a shimmering blue altar of Sif Muna.
  8653 | D:7      | Got Kikubaaqudgha's Compendium of Evil Secrets
  8683 | D:7      | Noticed Maggie
  8693 | D:7      | Killed Maggie
  8983 | D:8      | Noticed Psyche
  9446 | D:8      | Killed Psyche
 10578 | D:9      | Reached skill level 10 in Shields
 10825 | D:9      | Reached skill level 10 in Fighting
 10825 | D:9      | Reached skill level 10 in Dodging
 11670 | D:10     | Entered Level 10 of the Dungeon
 11714 | D:10     | Found a sacrificial altar of Ru.
 12015 | D:10     | Found a glowing silver altar of Zin.
 12183 | D:10     | Found a broken altar of Ashenzari.
 12512 | D:10     | Found a staircase to the Orcish Mines.
 12579 | D:10     | Found a white marble altar of Elyvilon.
 13100 | D:11     | Found a staircase to the Lair.
 13130 | D:11     | Found a frozen archway.
 13153 | IceCv    | Entered an ice cave
 13372 | IceCv    | Reached skill level 15 in Stealth
 14182 | IceCv    | Identified the ring of Grontol {rElec rPois Dex-3 Slay+4}
 14192 | IceCv    | Identified the amulet "Xiuh" {Acrobat Harm rN+ Will+ MP+9}
 14284 | IceCv    | Received a gift from Okawaru
 14981 | D:11     | Found Liluam's Book Shoppe.
 16606 | D:13     | Found Foonlena's Distillery.
 16607 | D:13     | Found Cuqaegg's Armour Boutique.
 16639 | D:13     | Bought a potion of mutation for 104 gold pieces
 16639 | D:13     | Bought a potion of invisibility for 104 gold pieces
 16639 | D:13     | Gained mutation: One of your tentacles bears a spike.
                  | [potion of mutation]
 16639 | D:13     | Gained mutation: Your spells are a little harder to cast,
                  | but a little more powerful. [potion of mutation]
 16654 | D:13     | Lost mutation: Your spells are a little harder to cast, but
                  | a little more powerful. [potion of mutation]
 16654 | D:13     | Lost mutation: One of your tentacles bears a spike. [potion
                  | of mutation]
 16654 | D:13     | Gained mutation: You have very sharp teeth. [potion of
                  | mutation]
 16654 | D:13     | Gained mutation: You are robust. (+10% HP) [potion of
                  | mutation]
 16890 | D:13     | Reached skill level 16 in Stealth
 16930 | D:13     | HP: 5/112 [??? (3)]
 17420 | D:13     | Noticed an ironbound preserver
 17774 | Lair:1   | Entered Level 1 of the Lair of Beasts
 17810 | Lair:1   | Reached skill level 10 in Invocations
 18003 | Lair:1   | Identified the +1 buckler of Roxeseck {+Blink rC- MP+9}
                  | (Okawaru gifted it to you on level 1 of the Lair of Beasts)
 18003 | Lair:1   | Received a gift from Okawaru
 18007 | Lair:1   | Reached XP level 15. HP: 118/118 MP: 22/22
 19649 | Lair:2   | You are sucked into a shaft and drop 1 floor!
 20661 | Lair:2   | Found a staircase to the Swamp.
 20783 | Lair:3   | Reached skill level 17 in Stealth
 20787 | Lair:3   | Received a gift from Okawaru
 21189 | Lair:3   | Found a hole to the Spider Nest.
 21302 | Lair:3   | Found a broken altar of Ashenzari.
 21373 | Lair:3   | Received a gift from Okawaru
 21382 | Lair:3   | Learned a level 4 spell: Airstrike
 21387 | Lair:3   | Learned a level 4 spell: Summon Lightning Spire
 21598 | Lair:4   | Acquired 512 gold pieces
 22010 | Lair:4   | Identified the +12 whip "Waghomni" {freeze, Will+ MP-9
                  | Str-3 Int+8}
 22319 | Lair:5   | Reached skill level 1 in Summonings
 22403 | Lair:5   | Reached skill level 1 in Spellcasting
 22407 | Lair:5   | Reached skill level 1 in Air Magic
 23106 | Lair:5   | Received a gift from Okawaru
 23238 | Lair:5   | Reached XP level 16. HP: 83/128 MP: 22/24
 24258 | D:13     | Found a gate to the Vaults.
 24419 | D:13     | Identified the +1 plate armour of the Playwright {rF+ rN+}
 24438 | D:13     | Received a gift from Okawaru
 24755 | D:13     | Noticed Rupert
 24766 | D:13     | Paralysed by Rupert for 3 turns
 24770 | D:13     | Killed Rupert
 25268 | D:14     | Noticed Azrael
 25280 | D:14     | Killed Azrael
 25657 | D:14     | Got Deroqem's Compendium of Poison
 26579 | D:15     | Entered Level 15 of the Dungeon
 26579 | D:15     | Noticed Jorgrun
 26597 | D:15     | Found an iron altar of Okawaru.
 26610 | D:15     | Reached skill level 18 in Stealth
 26627 | D:15     | Found a staircase to the Depths.
 27278 | D:15     | HP: 5/129 [freezing wraith (2)]
 27279 | D:15     | Slain by a basilisk

Illustrated notes

Levels and vault maps discovered:
D:1:      dpeg_arrival_leaves_temple_mockup, layout_loops_corners,
          chequers_ecumenical_altar_island, st_stairs_14, minmay_tetromino_i4
D:2:      layout_basic, due_unseen_surprise
D:3:      layout_loops_ring, cheibriados_altar_1
D:4:      layout_basic, lightli_ossuary_entry_decrepit_ruins, st_stairs_10,
          uniq_eustachio, uniq_menkaure
D:5:      layout_loops_corners, mainiacjoe_overflow_concentric_impassable,
          jmf_multi_god_temple, gup_sewer_entry_spiral, st_stairs_14
D:6:      layout_basic, mainiacjoe_overflow_tiny_flanked
D:7:      layout_basic, grunt_temple_overflow_magic_moments,
          kennysheep_mini_moat, minmay_temple_entry_drinking_statues,
          enter_bailey_2, serial_shops, nicolae_shop_behind_doors,
          chequers_serial_rivers_micro_e, grunt_ministairs_10, sword_in_stone,
          uniq_joseph, uniq_pikel, uniq_maggie
D:8:      layout_loops_ring, serial_bayou, serial_bayou_lagoon_b,
          serial_bayou_pond_c, serial_bayou_lagoon_a, serial_bayou_pond_b,
          kennysheep_generic_room_9, uniq_psyche
D:9:      layout_irregular_city, minivault_16
D:10:     layout_loops_ring, elyvilon_altar_3,
          mainiacjoe_overflow_surrounded_room, grunt_temple_overflow_open,
          orc_0_dummy, grunt_decor_fettered
D:11:     layout_basic, due_lair_maze_entry_diamond,
          portal_ice_cave_entry_ice_simulacra, serial_shops,
          nicolae_lakefront_shop
D:12:     layout_layer_cave
D:13:     layout_small_grid, skrybe_vaults_entry_preservation,
          nicolae_wooded_promenade, hangedman_decor_diamond_cutter,
          minmay_joined_circles, uniq_rupert
D:14:     layout_layer_cave, uniq_azrael
D:15:     grunt_enter_depths_giant_problem, layout_cross, okawaru_trees_1,
          zin_purify, uniq_jorgrun
Temple:   pf_slimified_temple
Lair:1:   layout_roguey, grunt_megastairs_3, minmay_lair_oklob_chamber,
          lemuel_fruit_tree
Lair:2:   layout_cave_shapes, palyth_hydra_swamp_entry
Lair:3:   layout_loops_ring, spider_nest_entry_webs, basic_altar
Lair:4:   layout_roguey, serial_bayou_shore_a, infiniplex_staircase_pool
Lair:5:   layout_regular_city, eino_small_chamber_without_monster

Skill      XL: |  1  2  3  4  5  6  7  8  9 10 11 12 13 14 15 16 |
---------------+-------------------------------------------------+-----
Stealth        | 1 2 4 7 10 11 12 13 14 16 17 18 | 18.0
Evocations     | 1 2 3 4 5 |  5.1
Long Blades    | 3 5 7 10 11 12 | 12.9
Invocations    | 1 2 3 4 5 6 7 10 11 | 11.4
Fighting       | 4 6 7 8 9 12 13 | 13.7
Dodging        | 4 6 7 8 9 10 11 | 11.1
Shields        | 4 6 7 8 9 10 11 | 11.2
Summonings     | 2 3 |  3.6
Spellcasting   | 1 3 |  3.1
Air Magic      | 1 3 |  3.5

Action                   |  1- 3 |  4- 6 |  7- 9 | 10-12 | 13-15 | 16-18 || total
-------------------------+-------+-------+-------+-------+-------+-------++-------
Melee: Long sword        |    35 |   126 |   322 |    36 |   652 |       ||  1171
       Constrict         |    10 |    31 |    64 |     8 |   192 |    29 ||   334
       Tentacles         |     4 |    20 |    83 |    10 |   328 |    77 ||   522
       Punch             |       |       |     1 |       |    12 |     7 ||    20
       Scimitar          |       |       |       |       |   399 |   182 ||   581
       Bite              |       |       |       |       |    84 |    38 ||   122
       Short sword       |       |       |       |       |     5 |       ||     5
Throw: Boomerang         |       |       |       |     2 |    27 |     7 ||    36
Invok: Heroism           |       |       |     4 |     1 |    18 |     7 ||    30
       Finesse           |       |       |       |       |     1 |     1 ||     2
Evoke: Wand              |       |     1 |     3 |     4 |    21 |     1 ||    30
       Phantom mirror    |       |       |       |       |     1 |       ||     1
  Use: Scroll            |     4 |     3 |     9 |       |    18 |     9 ||    43
       Potion            |       |     2 |     7 |     4 |     9 |     3 ||    25
 Stab: Sleeping          |       |    16 |    36 |       |    56 |     8 ||   116
       Distracted        |       |       |     2 |       |    10 |       ||    12
       Held in net/web   |       |       |     1 |       |       |       ||     1
       Paralysed         |       |       |       |       |     4 |       ||     4
Armor: Skin              |     8 |    25 |    71 |     2 |    51 |     1 ||   158
Dodge: Dodged            |    19 |    38 |   119 |     9 |   362 |    54 ||   601
Block: Kite shield       |    15 |    55 |   236 |    30 |   673 |   127 ||  1136
       Reflection        |       |       |     2 |     8 |    20 |     5 ||    35
       Rpst.: Long sword |     5 |    11 |    33 |     3 |    52 |       ||   104
       Scimitar          |       |       |       |       |    38 |     7 ||    45
